Map: Cerulean Fall LE

Players

Scarlett

  • Race: Zerg Zerg
  • Spawn Location: 1:00

uThermaL - Winner!

  • Race: Terran Terran
  • Spawn Location: 7:00

Event: WCS Montreal 2018

VOD

Have the link to the VOD?

Description

Time

  • Played on: Sept. 7, 2018, 8:22 p.m.
  • Length: 10:38

All games in this series

Show
View Real Time Build Order
Export as new Build Order

Scarlett Zerg 

Build Orders: Hatch First, Muta Ling Bane 

Get SALT Encoding   

  12  0:00  Drone  
  13  0:12  Overlord  
  13  0:17  Drone  
  14  0:31  Drone x2  
  16  0:49  Hatchery  
  15  0:52  Drone  
  15  0:55  Drone  
  17  0:59  Drone  
  18  1:10  Extractor  
  17  1:14  Spawning Pool  
  17  1:17  Drone  
  17  1:20  Drone  
  18  1:28  Drone  
  19  1:38  Drone  
  20  1:49  Overlord  
  20  2:01  Queen x2  
  20  2:02  Zergling x4  
  26  2:10  Metabolic Boost  
  26  2:12  Drone  
  26  2:13  Drone  
  28  2:22  Drone  
  29  2:23  Drone  
  30  2:33  Drone  
  30  2:38  Drone  
  31  2:46  Hatchery  
  31  2:48  Overlord  
  31  2:49  Drone  
  31  2:54  Drone  
  31  2:55  Drone  
  33  2:59  Queen  
  33  3:05  Drone  
  36  3:10  Drone x4  
  40  3:20  Overlord, Drone  
  41  3:33  Overlord  
  41  3:34  Drone  
  42  3:36  Queen  
  42  3:39  Overlord  
  44  3:41  Drone x4  
  48  3:48  Queen  
  48  3:50  Overlord  
  48  3:55  Overlord  
  50  3:56  Drone  
  50  4:00  Overlord  
  51  4:03  Queen  
  51  4:07  Zergling x4  
  55  4:11  Zergling x4  
  55  4:16  Zergling x2  
  55  4:17  Zergling x4  
  60  4:19  Drone x2  
  60  4:20  Drone  
  60  4:21  Drone  
  64  4:29  Drone x3  
  67  4:33  Drone x2  
  67  4:34  Drone  
  70  4:43  Drone x2  
  70  4:45  Evolution Chamber x2  
  71  4:46  Drone  
  71  4:47  Spore Crawler  
  71  4:49  Spore Crawler  
  69  4:54  Drone x5  
  69  4:58  Lair  
  74  5:00  Extractor x2  
  74  5:04  Drone x2  
  74  5:07  Drone x2  
  74  5:13  Drone x4  
  80  5:17  Zerg Melee Weapons Level 1  
  80  5:18  Drone x4  
  80  5:20  Extractor  
  83  5:22  Extractor  
  83  5:23  Drone  
  83  5:26  Drone  
  83  5:28  Zerg Ground Armor Level 1  
  83  5:31  Drone x4  
  83  5:33  Extractor  
  86  5:38  Overlord  
  86  5:41  Drone x2  
  86  5:42  Baneling Nest, Hatchery  
  87  5:43  Drone x2  
  87  5:47  Overlord x2  
  87  5:48  Drone  
  89  5:50  Drone x2  
  91  5:57  Overlord, Drone  
  91  6:02  Overlord  
  92  6:06  Drone x2  
  92  6:08  Spire  
  92  6:10  Drone  
  92  6:11  Drone x2  
  96  6:12  Zergling x6  
  99  6:21  Drone x6  
  99  6:25  Centrifical Hooks  
  105  6:31  Zergling x4  
  105  6:32  Baneling x10  
  107  6:33  Hatchery  
  106  6:48  Drone x8  
  106  6:50  Extractor  
  106  6:51  Extractor  
  112  6:55  Zergling x8  
  116  7:05  Zergling x16  
  124  7:10  Hatchery  
  124  7:13  Zerg Melee Weapons Level 2  
  124  7:15  Drone x2  
  125  7:20  Drone x2  
  127  7:23  Zerg Ground Armor Level 2  
  127  7:24  Mutalisk x3  
  127  7:26  Zerg Flyer Weapons Level 1  
  127  7:27  Overseer, Pneumatized Carapace  
  127  7:28  Mutalisk  
  136  7:30  Zergling x16  
  136  7:31  Baneling x5  
  143  7:38  Baneling x5, Overlord  
  143  7:39  Overlord  
  143  7:44  Overlord x2  
  143  7:45  Baneling x5  
  143  7:51  Mutalisk  
  143  7:52  Zergling x2  
  143  7:53  Zergling x6  
  143  7:57  Mutalisk  
  143  7:58  Zergling x8  
  155  8:04  Mutalisk x2  
  156  8:05  Zergling x2  
  156  8:06  Zergling x16  
  156  8:12  Mutalisk x2  
  169  8:13  Zergling x2  
  169  8:14  Zergling x2  
  169  8:15  Zergling x2  
  172  8:20  Zergling x4  
  172  8:23  Overlord x2  
  174  8:27  Infestation Pit  
  174  8:31  Mutalisk x3  
  174  8:32  Overlord  
  175  8:34  Zergling x8  
  175  8:41  Zergling x14  
  175  8:47  Zergling x6  
  185  8:51  Baneling  
  185  8:52  Baneling x16  
  185  9:00  Baneling x4  
  185  9:01  Baneling x5  
  181  9:03  Zergling x10  
  181  9:04  Zergling x2  
  181  9:07  Zergling x10  
  181  9:09  Baneling x6  
  181  9:17  Zergling x8  
  175  9:23  Zergling x6  
  149  9:34  Zergling x6  
  149  9:35  Zergling x8  
  149  9:37  Baneling x2  
  149  9:38  Zergling x6  
  140  9:39  Baneling x2  
  140  9:41  Baneling x2  
  140  9:42  Baneling x4, Mutalisk  
  132  9:47  Mutalisk x2  
  132  9:49  Zergling x6  
  118  9:53  Zergling x2  
  118  9:56  Baneling x8  
  118  9:58  Zergling x2  
  104  10:05  Mutalisk  
  104  10:06  Zergling x8  
Show
View Real Time Build Order
Export as new Build Order

uThermaL Terran - Winner!

Build Orders: Reaper Expand, Hellion Banshee, MMM Bio 

Get SALT Encoding   

  12  0:01  SCV  
  13  0:13  SCV  
  14  0:17  Supply Depot  
  14  0:25  SCV  
  15  0:39  SCV  
  15  0:40  Barracks  
  16  0:44  Refinery  
  16  0:51  SCV  
  17  1:03  SCV  
  18  1:15  SCV  
  19  1:28  Orbital Command, Reaper  
  20  1:40  Command Center  
  20  1:51  Supply Depot  
  20  1:54  SCV  
  21  2:00  Marine  
  22  2:06  SCV  
  22  2:08  Factory  
  23  2:18  SCV  
  25  2:24  Barracks Reactor  
  24  2:30  SCV  
  25  2:41  Command Center  
  25  2:42  SCV  
  26  2:52  Orbital Command  
  26  2:55  SCV  
  27  2:58  Starport  
  27  3:04  Hellion  
  29  3:07  SCV  
  29  3:10  Hellion  
  32  3:17  Refinery, SCV  
  32  3:19  SCV  
  34  3:28  Hellion  
  34  3:32  Hellion  
  37  3:36  Starport Tech Lab  
  37  3:37  SCV x2  
  39  3:49  SCV x2  
  39  3:50  Hellion  
  39  3:53  Hellion  
  39  3:54  Orbital Command  
  45  3:55  Banshee  
  45  4:00  Barracks Tech Lab  
  45  4:01  SCV  
  45  4:02  SCV  
  50  4:13  SCV  
  50  4:14  SCV  
  50  4:17  Barracks  
  52  4:19  Stimpack, Marine  
  52  4:20  Factory Reactor  
  52  4:21  SCV  
  52  4:23  Barracks  
  54  4:26  SCV  
  54  4:28  Supply Depot, SCV  
  56  4:34  SCV  
  56  4:37  Marine  
  58  4:38  SCV  
  58  4:40  Supply Depot  
  59  4:46  Starport Reactor  
  59  4:47  Engineering Bay  
  59  4:48  SCV  
  59  4:49  Engineering Bay  
  59  4:51  SCV  
  61  4:54  SCV  
  61  4:55  Refinery  
  61  4:56  Refinery  
  61  4:58  Supply Depot, Marine  
  63  5:00  SCV  
  63  5:03  SCV  
  63  5:06  SCV  
  66  5:09  Siege Tank  
  66  5:12  Marine x2  
  66  5:13  SCV  
  72  5:16  Terran Infantry Weapons Level 1  
  72  5:17  SCV  
  72  5:21  Marine x3  
  74  5:22  Orbital Command  
  74  5:23  Supply Depot  
  74  5:27  Barracks  
  76  5:30  Marine  
  76  5:31  Barracks  
  76  5:34  Marine  
  78  5:36  Medivac  
  78  5:38  Marine, Medivac  
  78  5:41  SCV  
  78  5:42  SCV  
  85  5:45  Marine  
  85  5:48  SCV  
  85  5:49  Marine  
  88  5:52  Marine  
  88  5:53  Supply Depot  
  88  5:54  SCV  
  90  5:58  Supply Depot, Marine  
  90  5:59  Marine  
  90  6:03  SCV  
  93  6:04  Terran Infantry Armor Level 1  
  93  6:09  Supply Depot  
  93  6:15  SCV x2, Medivac x2  
  99  6:19  Siege Tank, Supply Depot, SCV  
  99  6:21  Marine  
  99  6:23  Barracks Reactor x2  
  104  6:26  Refinery  
  104  6:27  Refinery, SCV  
  104  6:30  Marine  
  104  6:32  Marine x2  
  106  6:33  Supply Depot  
  106  6:34  Marine  
  106  6:36  SCV  
  110  6:40  Factory  
  110  6:41  Marine  
  110  6:43  Supply Depot, SCV  
  112  6:47  Armory, SCV  
  112  6:48  Marine  
  112  6:50  Marine x2, Medivac  
  118  6:55  SCV  
  118  6:56  SCV, Marine  
  118  6:58  Siege Tank  
  118  6:59  Marine  
  118  7:00  Marine x4  
  129  7:03  Combat Shield, SCV  
  129  7:04  Supply Depot  
  129  7:06  Marine  
  129  7:07  SCV  
  129  7:08  Medivac  
  134  7:10  Marine x2  
  134  7:13  Marine  
  134  7:15  Supply Depot  
  137  7:17  Marine x2  
  137  7:22  Supply Depot, Marine x2  
  141  7:25  Medivac, Marine x2, Factory Tech Lab  
  141  7:27  Marine  
  141  7:29  Marine  
  146  7:36  Marine  
  146  7:37  Siege Tank  
  151  7:43  Marine, Medivac  
  154  7:44  Marine  
  154  7:45  Marine  
  154  7:49  Supply Depot  
  156  7:52  Missile Turret x2  
  156  7:54  Missile Turret  
  156  7:55  Siege Tank, Marine  
  156  7:57  Marine  
  156  7:58  Marine  
  162  8:04  Marine x2  
  164  8:13  Supply Depot, Marine  
  164  8:15  Supply Depot  
  164  8:18  Siege Tank  
  168  8:25  Marine x3  
  168  8:26  Marine  
  172  8:34  Marine  
  172  8:35  Medivac  
  172  8:36  Marine  
  172  8:40  Supply Depot  
  176  8:41  Thor  
  176  8:43  Marine  
  176  8:45  Unknown, Marine x3  
  176  8:46  Marine x2  
  188  8:53  Marine  
  189  8:56  Marine  
  189  8:57  Marine  
  189  9:01  Marine  
  185  9:03  Marine x2, Medivac  
  185  9:04  Marine  
  185  9:05  Marine  
  166  9:11  Marine  
  166  9:13  Marine  
  166  9:14  Marine  
  166  9:15  Marine  
  154  9:21  Marine x3  
  154  9:23  Marine  
  143  9:29  Marine  
  143  9:30  Marine  
  113  9:32  Marine  
  113  9:33  Siege Tank, Marine  
  111  9:42  Marine  
  110  9:48  Marine x2  
  110  9:50  Marine  
  110  9:51  Marine x2  
  107  10:01  Orbital Command  
Tags
 
Add a new tag
Caveats
  • Supply blocks, unpowered buildings, or Contaminate may cause inaccurate times.
  • Supply counts are checked every 10 seconds.